 Dungeon Crawl Stone Soup version 0.18.1-48-g4cf74bf (webtiles) character file.

74854 WarriorsX the Fencer (level 15, -4/97 HPs)
             Began as a Human Fighter on July 30, 2016.
             Slain by a spatial maelstrom (5 damage)
             ... on level 3 of the Abyss on July 31, 2016.
             The game lasted 02:24:50 (25170 turns).

WarriorsX the Fencer (Human Fighter)               Turns: 25170, Time: 02:24:51

Health: -4/97      AC: 19    Str: 22 (23) XL:     15   Next: 95%
Magic:  0/14       EV:  9    Int: 10 (11) God:
Gold:   1526       SH: 18    Dex: 10      Spells: 0 memorised, 14 levels left

rFire  . . .     SeeInvis +     M - +7 demon blade of Grandeur {elec, rC+ Str+4}
rCold  + + .     Gourm    .     o - +3 plate armour
rNeg   . . .     Faith    .     q - +0 large shield
rPois  .         Spirit   +     D - +2 hat {Spirit}
rElec  .         Dismiss  .     R - +0 cloak {+Inv}
rCorr  .         Reflect  .     (no gloves)
SustAt .         Harm     .     K - +1 pair of boots
MR     +....     Clarity  +     A - amulet "Ciukk" {Spirit Slay+3}
Stlth  ..........               G - +4 ring of evasion
                                t - ring of see invisible

@: non-regenerating, diseased, somewhat resistant to hostile enchantments,
extremely unstealthy
A: horns 1, talons 1, agile 1, berserk 3, blurry vision 1, clarity, clumsy 2,
cold resistance 1, deformed body, deterioration 1, frail 2, low mp 1, sense
surroundings 1, regeneration 1, slow regeneration 1, weak 1, no device heal 2,
subdued magic 2, MP-powered wands, sturdy frame 1
a: Evoke Invisibility


You were on level 3 of the Abyss.
You were very hungry.

You visited 4 branches of the dungeon, and saw 23 of its levels.
You visited the Abyss 1 time.
You also visited: Sewer and Ice Cave.

You collected 1526 gold pieces.

Inventory:

Hand Weapons
 M - the +7 demon blade of Grandeur (weapon) {elec, rC+ Str+4}
   (You acquired it on level 10 of the Dungeon)

   Occasionally, upon striking a foe, it will discharge some electrical energy
   and cause terrible harm.
   It affects your strength (+4).
   It protects you from cold.
 O - a +3 great sword of slicing
 Z - a +3 mace of freezing
Armour
 o - a +3 plate armour (worn)
 q - a +0 large shield (worn)
 D - a +2 hat of spirit shield (worn)
 K - a +1 pair of boots (worn)
 R - a +0 cloak of invisibility (worn)
Jewellery
 r - an uncursed ring of fire
 t - a ring of see invisible (left hand)
 A - the amulet "Ciukk" (around neck) {Spirit Slay+3}
   (You found it on level 3 of the Lair of Beasts)

   [amulet of guardian spirit]

   It causes incoming damage to be split between your health and magic.
   It affects your accuracy and damage with ranged weapons and melee attacks
   (+3).
 G - a +4 ring of evasion (right hand)
 H - an uncursed ring of poison resistance
 J - an uncursed ring of protection from cold
 X - an uncursed amulet of faith
Wands
 c - a wand of acid (7/15)
 g - a wand of paralysis (24/24)
 p - a wand of lightning (7/15)
 v - a wand of slowing (18/48)
 S - a wand of iceblast (11/15)
Scrolls
 a - a scroll of brand weapon
 e - 8 scrolls of identify
 m - 2 scrolls of fog
 n - a scroll of blinking
 u - a scroll of summoning
 w - a scroll of enchant weapon
 y - a scroll of acquirement
 z - 6 scrolls of teleportation
 B - 5 scrolls of remove curse
 F - 2 scrolls of enchant armour
 V - 3 scrolls of magic mapping
Potions
 b - 5 potions of cure mutation
 d - a potion of might
 h - a potion of ambrosia
 i - 3 potions of curing
 l - 2 potions of agility
 s - a potion of flight
 x - 2 potions of cancellation
 L - 2 potions of heal wounds
 N - a potion of magic
 T - a potion of resistance
 U - a potion of berserk rage
Books
 j - a Young Poisoner's Handbook

   Spells                             Type                      Level
   a - Sting                          Conjuration/Poison           1
   b - Cure Poison                    Poison                       2
   c - Mephitic Cloud                 Conjuration/Poison/Air       3
   d - Olgreb's Toxic Radiance        Poison                       4
   e - Venom Bolt                     Conjuration/Poison           5
Comestibles
 f - 7 bread rations
 k - 3 royal jellies
 C - 14 fruits
 I - 6 meat rations
 W - 4 beef jerkies


   Skills:
 * Level 12.7 Fighting
 * Level 15.0 Long Blades
 - Level 7.1 Maces & Flails
 * Level 12.8 Armour
 + Level 12.1 Shields
 - Level 0.8 Evocations


You had 14 spell levels left.
You didn't know any spells.

Dungeon Overview and Level Annotations

Branches:
Dungeon (12/15)            Temple (1/1) D:4            Lair (8/8) D:11
 Shoals (0/4) Lair:5        Snake (0/4) Lair:3        Slime (0/6) Lair:7
    Orc (2/2) D:10
    Elf: Orc:2

Altars:
Ashenzari
Cheibriados
Dithmenos
Elyvilon
Fedhas
Gozag
Kikubaaqudgha
Makhleb
Nemelex Xobeh
Okawaru
Pakellas
Qazlal
Ru
Sif Muna
Trog
Vehumet
Xom
Yredelemnul
Zin
The Shining One

Annotations:
D:9 1 runed door


Innate Abilities, Weirdness & Mutations

You have a pair of small horns on your head.
You have sharp toenails.
You are agile. (Dex +2)
You possess an exceptional clarity of mind.
Your flesh is cold resistant.
You passively map a small area around you.
Your natural rate of healing is unusually fast.
You are weak. (Str -2)
Your movements are slightly less encumbered by armour (ER -2).
[You have an uncontrollable temper.]
[Scrolls take you a little longer to read.]
[You are very clumsy. (Dex -4)]
[Armour fits poorly on your strangely shaped body.]
[Your body sometimes deteriorates upon taking damage.]
[You are very frail (-20% HP).]
[Your magical capacity is low (-10% MP).]
[You regenerate slowly when monsters are visible.]
[Potions and wands are poor at restoring your health.]
[Your spells are easier to cast, but less powerful.]
[You expend magic power (3 MP) to strengthen your wands.]


Message History

The ufetubus disappears in a puff of smoke!
The spatial maelstrom hits you.
* * * LOW HITPOINT WARNING * * *
You blink.
A spatial vortex comes into view.
Found a gateway leading deeper into the Abyss.
Drink which item? (? for menu, Esc to quit)
Okay, then.
A spatial vortex comes into view.
The spatial vortex moves out of view.
A spatial vortex comes into view.
The spatial vortex moves out of view.
The spatial maelstrom barely misses you. x2
A spatial vortex comes into view.
You block the spatial maelstrom's attack. x2
The spatial maelstrom barely misses you.
The spatial maelstrom hits you!
* * * LOW HITPOINT WARNING * * *
Space bends around you.
You die...

..#>..#...#.
#..#.#...Z. #
#... #.#.
#.###xZ##.#
.# #...###
.## ...# #
###.#v#.##
#.#.5...#...
#..@v#.#.##..
#....L#######
#.# ##..ยง
#.#. ...# ##.
##


You could see a revenant, a spatial maelstrom, a spatial vortex and an ufetubus.

Vanquished Creatures
  Maud (Lair:8)
  A frost giant (IceCv)
  A salamander stormcaller (Abyss:3)
  A dire elephant (Lair:8)
  Harold (Lair:4)
  9 hydras
  2 catoblepae (Lair:8)
  Erica (D:10)
  Erolcha (D:10)
  3 wretched stars (Abyss:3)
  A fire crab (Lair:5)
  An unseen horror (Abyss:3)
  A lindwurm (Lair:1)
  3 hill giants
  2 oklob plants
  A griffon (Lair:8)
  3 ugly things
  22 elephants
  Joseph (D:7)
  A molten gargoyle (D:12)
  7 black mambas
  An ice statue (IceCv)
  Maurice (D:10)
  15 spiny frogs
  A rime drake (Lair:7)
  2 centaur skeletons
  8 komodo dragons
  2 ancient zymes (Abyss:3)
  6 trolls
  2 two-headed ogres
  14 polar bears (IceCv)
  A boulder beetle (Lair:8)
  Prince Ribbit (D:4)
  20 blink frogs
  Grinder (D:6)
  2 shadows (D:12)
  A wyvern (Lair:6)
  45 yaks
  A wraith (D:12)
  9 basilisks
  A steam dragon (Lair:4)
  4 hippogriffs
  2 hungry ghosts
  4 vampire mosquitoes (D:11)
  Menkaure (D:6)
  3 nagas (Lair:3)
  A large abomination (Abyss:3)
  A mottled dragon (D:10)
  27 water moccasins
  12 porcupines
  An orc warrior (D:10)
  Purgy (Sewer)
  The ghost of Erlindor the Skirmisher, an amateur MiFi (D:4)
  5 black bears
  5 ogres
  7 phantoms
  2 eyes of draining
  2 sky beasts (D:8)
  27 wolves
  5 centaurs
  5 necrophages
  18 crocodiles
  20 giant frogs
  4 big kobolds
  A gnoll sergeant (D:12)
  A small abomination (Abyss:3)
  A wyvern skeleton (D:11)
  7 scorpions
  9 killer bees
  15 wights
  2 howler monkeys (D:11)
  An electric eel (Lair:1)
  A lava snake (D:12)
  7 crimson imps
  2 centaur zombies
  3 quasits
  4 giant frog zombies
  6 hounds
  5 orc priests
  2 jellies (D:9)
  Crazy Yiuf (D:7)
  9 iguanas
  9 orc wizards
  9 worker ants
  6 sheep (Lair:4)
  A hound skeleton (D:6)
  A mummy (D:10)
  3 worker ant zombies
  3 gnolls (D:12)
  22 adders
  72 river rats
  3 shadow imps
  An adder skeleton (D:6)
  An adder zombie (D:10)
  3 worms
  3 dart slugs
  10 giant geckos
  41 orcs
  6 giant cockroaches
  10 hobgoblins
  10 jackals
  5 quokkas
  3 ball pythons
  6 bats
  A giant newt (D:3)
  13 goblins
  26 kobolds
  6 rats
  A spectral orc (D:4)
  A bush (D:11)
  A lurking horror (Abyss:3)
710 creatures vanquished.

Vanquished Creatures (others)
  4 fungi
  6 plants
  6 starspawn tentacles (Abyss:3)
  72 starspawn tentacle segments (Abyss:3)
88 creatures vanquished.

Grand Total: 798 creatures vanquished

Notes
Turn   | Place    | Note
--------------------------------------------------------------
     0 | D:1      | WarriorsX the Human Fighter began the quest for the Orb.
     0 | D:1      | Reached XP level 1. HP: 18/18 MP: 1/1
   129 | D:1      | Reached XP level 2. HP: 23/24 MP: 2/2
   530 | D:1      | Reached XP level 3. HP: 27/30 MP: 3/3
  1098 | D:2      | Reached XP level 4. HP: 28/37 MP: 4/4
  1336 | D:2      | Gained mutation: Your flesh is heat resistant. [potion of mutation]
  1336 | D:2      | Gained mutation: You possess an exceptional clarity of mind. [potion of mutation]
  1336 | D:2      | Gained mutation: You have sharp toenails. [potion of mutation]
  1494 | D:3      | Reached skill level 3 in Long Blades
  1730 | D:3      | Reached XP level 5. HP: 43/43 MP: 5/5
  2692 | D:4      | Reached XP level 6. HP: 49/50 MP: 6/6
  2950 | D:4      | Reached skill level 5 in Fighting
  2977 | D:4      | Reached skill level 4 in Long Blades
  3104 | D:4      | Found a staircase to the Ecumenical Temple.
  3133 | D:4      | Found a sacrificial altar of Ru.
  3161 | D:4      | Noticed an ogre
  3172 | D:4      | Killed an ogre
  3175 | D:4      | Reached XP level 7. HP: 18/56 MP: 7/7
  3393 | D:4      | Found a burning altar of Makhleb.
  3968 | D:4      | Noticed Erlindor's ghost (amateur MiFi)
  3984 | D:4      | Killed Erlindor's ghost
  4287 | D:4      | Found a basalt altar of Yredelemnul.
  4414 | D:4      | Reached skill level 5 in Armour
  4415 | D:4      | Reached skill level 5 in Long Blades
  4591 | Temple   | Entered the Ecumenical Temple
  4842 | D:5      | Entered Level 5 of the Dungeon
  4892 | D:5      | Noticed Prince Ribbit
  5008 | D:4      | Killed Prince Ribbit
  5008 | D:4      | Reached XP level 8. HP: 3/64 MP: 8/8
  5721 | D:5      | Found a sacrificial altar of Ru.
  5877 | D:6      | Noticed Grinder
  5891 | D:6      | Found an oddly glowing altar of Pakellas.
  5902 | D:6      | Killed Grinder
  5902 | D:6      | Reached skill level 6 in Long Blades
  6209 | D:6      | Noticed Menkaure
  6226 | D:6      | Killed Menkaure
  6226 | D:6      | Reached XP level 9. HP: 22/71 MP: 9/9
  6454 | D:6      | Found a glowing drain.
  6470 | Sewer    | Entered a sewer
  6603 | Sewer    | Noticed Purgy
  6622 | Sewer    | Killed Purgy
  7341 | D:6      | Reached skill level 7 in Long Blades
  7640 | D:7      | Noticed Joseph
  7892 | D:7      | Killed Joseph
  8454 | D:7      | Noticed Crazy Yiuf
  8461 | D:7      | Killed Crazy Yiuf
  8508 | D:7      | Found a glowing golden altar of the Shining One.
  8641 | D:7      | Noticed a troll
  8650 | D:7      | Killed a troll
  8650 | D:7      | Reached XP level 10. HP: 46/79 MP: 10/10
  8946 | D:7      | Found a snail-covered altar of Cheibriados.
  8956 | D:7      | Found a sparkling altar of Nemelex Xobeh.
  9020 | D:8      | Found a shadowy altar of Dithmenos.
  9033 | D:8      | Gained mutation: [Your magical capacity is low (-10% MP).] [mutagenic meat]
  9034 | D:8      | Gained mutation: Your flesh is cold resistant. [mutagenic meat]
  9035 | D:8      | Gained mutation: You are weak. (Str -2) [mutagenic meat]
  9158 | D:8      | Reached skill level 8 in Long Blades
 11233 | D:9      | Reached skill level 9 in Long Blades
 12468 | D:9      | Found a runed door.
 12484 | D:9      | Reached skill level 10 in Armour
 12484 | D:9      | Reached XP level 11. HP: 52/87 MP: 10/10
 12626 | D:9      | Found a runed door.
 12664 | D:10     | Entered Level 10 of the Dungeon
 13074 | D:10     | Noticed Maurice
 13095 | D:10     | Killed Maurice
 13095 | D:10     | Reached skill level 10 in Long Blades
 13433 | D:10     | Found a staircase to the Orcish Mines.
 13453 | D:10     | Noticed Erica
 13470 | D:10     | Killed Erica
 13806 | D:10     | Noticed a hill giant
 13815 | D:10     | Killed a hill giant
 14028 | D:10     | Noticed Erolcha
 14066 | Orc:1    | Entered Level 1 of the Orcish Mines
 14099 | Orc:2    | Entered Level 2 of the Orcish Mines
 14099 | Orc:2    | Noticed an orc warlord
 14099 | Orc:2    | Noticed an orc sorcerer
 14099 | Orc:2    | Noticed an orc sorcerer
 14154 | D:10     | Killed Erolcha
 14154 | D:10     | Reached skill level 11 in Long Blades
 14240 | D:10     | Identified a scroll of acquirement
 14241 | D:10     | Got a smoking demon blade
 14242 | D:10     | Identified the +7 demon blade of Grandeur {elec, rC+ Str+4} (You acquired it on level 10 of the Dungeon)
 14311 | D:11     | Noticed a hill giant
 14432 | D:10     | Killed a hill giant
 14432 | D:10     | Reached XP level 12. HP: 94/94 MP: 11/11
 14499 | D:10     | Reached skill level 10 in Fighting
 14986 | D:11     | Found a staircase to the Lair.
 15027 | D:10     | Reached skill level 12 in Long Blades
 15429 | Lair:1   | Entered Level 1 of the Lair of Beasts
 15523 | Lair:1   | Reached skill level 5 in Shields
 15735 | Lair:1   | Noticed a six-headed hydra
 16047 | D:12     | Reached skill level 1 in Maces & Flails
 16481 | D:12     | Lost mutation: [Your magical capacity is low (-10% MP).] [mutagenic meat]
 16483 | D:12     | Gained mutation: Your natural rate of healing is unusually fast. [mutagenic meat]
 16500 | D:12     | Reached XP level 13. HP: 93/101 MP: 13/13
 16618 | D:12     | Reached skill level 5 in Maces & Flails
 18690 | Lair:3   | Noticed a seven-headed hydra
 19085 | Lair:3   | Got a bound silver amulet
 19086 | Lair:3   | Identified the amulet "Ciukk" {Spirit Slay+3} (You found it on level 3 of the Lair of Beasts)
 19124 | Lair:3   | Found a staircase to the Snake Pit.
 19710 | Lair:4   | Noticed a six-headed hydra
 19736 | Lair:4   | Killed a six-headed hydra
 19749 | Lair:4   | Reached skill level 10 in Shields
 19829 | Lair:4   | Got a twisted buckler
 19840 | Lair:4   | Identified the +5 buckler of a sewer {*Drain rPois rCorr Int-2} (You found it on level 4 of the Lair of Beasts)
 19877 | Lair:4   | Noticed Harold
 19889 | Lair:4   | Killed Harold
 19900 | Lair:4   | Gained mutation: You have a pair of small horns on your head. [potion of mutation]
 19900 | Lair:4   | Gained mutation: You passively map a small area around you. [potion of mutation]
 19966 | Lair:4   | Reached XP level 14. HP: 111/111 MP: 14/14
 21555 | Lair:5   | Reached skill level 13 in Long Blades
 21638 | Lair:5   | Found a staircase to the Shoals.
 23051 | Lair:7   | Reached XP level 15. HP: 120/120 MP: 15/15
 23189 | Lair:7   | Found a staircase to the Slime Pits.
 23498 | Lair:8   | Entered Level 8 of the Lair of Beasts
 23527 | Lair:8   | Got a pair of heavily runed boots
 23538 | Lair:8   | Identified the +0 pair of boots "Dittagif" {Str+2} (You acquired it on level 8 of the Lair of Beasts)
 23560 | Lair:8   | Noticed Maud
 23586 | Lair:8   | Killed Maud
 23586 | Lair:8   | Reached skill level 14 in Long Blades
 23943 | Lair:8   | Found a frozen archway.
 23967 | IceCv    | Entered an ice cave
 24077 | IceCv    | Gained mutation: You are agile. (Dex +2) [potion of mutation]
 24077 | IceCv    | Gained mutation: Your movements are slightly less encumbered by armour (ER -2). [potion of mutation]
 24077 | IceCv    | Lost mutation: Your flesh is heat resistant. [potion of mutation]
 24310 | IceCv    | Noticed a frost giant
 24325 | IceCv    | Killed a frost giant
 24387 | IceCv    | Got an ivory halberd
 24393 | IceCv    | Identified the +9 halberd of Nustet {drain, *Noise rF+ Int+3} (You found it in an ice cave)
 24944 | Lair:8   | Cast into level 3 of the Abyss (a wizard)
 25105 | Abyss:3  | Reached skill level 15 in Long Blades
 25125 | Abyss:3  | Noticed a tentacled starspawn
 25170 | Abyss:3  | Noticed a revenant
 25170 | Abyss:3  | HP: 1/97 [spatial maelstrom (6)]
 25170 | Abyss:3  | Slain by a spatial maelstrom

Skill      XL: |  1  2  3  4  5  6  7  8  9 10 11 12 13 14 15 |
---------------+----------------------------------------------+-----
Fighting       | 4 5 6 7 8 9 10 11 12 | 12.7
Long Blades    | 3 4 5 6 7 9 11 12 13 15 | 15.0
Armour         | 4 5 7 8 10 11 12 | 12.8
Shields        | 4 5 10 11 12 | 12.1
Maces & Flails | 4 7 |  7.1
Evocations     | |  0.8

Action                   |  1- 3 |  4- 6 |  7- 9 | 10-12 | 13-15 || total
-------------------------+-------+-------+-------+-------+-------++-------
Melee: Long sword        |   112 |   231 |   486 |   546 |       ||  1375
       Kick              |       |    39 |       |       |       ||    39
       Great sword       |       |       |       |   140 |       ||   140
       Demon blade       |       |       |       |   309 |  1015 ||  1324
       Mace              |       |       |       |    11 |    98 ||   109
       Headbutt          |       |       |       |       |   174 ||   174
Evoke: Wand              |       |     2 |    10 |    11 |     3 ||    26
  Use: Scroll            |     1 |     3 |    12 |    19 |    13 ||    48
       Potion            |       |     3 |     7 |     5 |    11 ||    26
 Stab: Paralysed         |       |       |     6 |     4 |       ||    10
  Eat: Chunk             |     1 |     7 |    17 |    22 |    26 ||    73
       Beef jerky        |       |       |     1 |       |     2 ||     3
       Meat ration       |       |       |       |     2 |       ||     2
       Bread ration      |       |       |       |     1 |       ||     1
Armor: Scale mail        |    44 |       |       |       |       ||    44
       Plate armour      |     6 |   164 |   288 |   564 |   492 ||  1514
Dodge: Dodged            |    35 |    31 |    46 |   311 |   218 ||   641
Block: Shield            |    62 |   111 |   206 |   239 |       ||   618
       Large shield      |       |       |       |   268 |   772 ||  1040
